 Dungeon Crawl Stone Soup version 0.30-a0-571-gdf30a72648 (webtiles) character file.

Game seed: 9282928892151695013

25911 wormed the Unseen (level 12, -5/65 HPs)
             Began as a Spriggan Hunter on Dec 30, 2022.
             Was the Champion of Okawaru.
             Slain by a swamp worm (19 damage)
             ... on level 3 of the Lair of Beasts.
             The game lasted 00:23:03 (15821 turns).

wormed the Unseen (Spriggan Hunter)                Turns: 15821, Time: 00:23:03

Health: -5/65      AC:  6    Str:  7    XL:     12   Next: 93%
Magic:  13/13      EV: 42    Int: 11    God:    Okawaru [******]
Gold:   565        SH:  0    Dex: 33    Spells: 11/11 levels left

rFire   . . .      SeeInvis +    G - +6 arbalest "Ylesodwo" {freeze, Will- Dex+4}
rCold   . . .      Faith    .    (shield currently unavailable)
rNeg    . . .      Spirit   .    g - +0 steam dragon scales
rPois   .          Reflect  .    (helmet restricted)
rElec   .          Harm     .    q - +0 cloak
rCorr   .          Rampage  .    (gloves unavailable)
Will    +....                    (boots unavailable)
Stlth   +++++++                  (no amulet)
HPRegen 0.30/turn                y - +5 ring of evasion
MPRegen 0.13/turn                D - +6 ring of dexterity

@: studying Unarmed Combat, very quick
A: very small, no large weapons, unfitting armour, see invisible, speed 3
a: Renounce Religion, Heroism, Finesse, Duel


You were on level 3 of the Lair of Beasts.
You worshipped Okawaru.
Okawaru was exalted by your worship.
You visited 3 branches of the dungeon, and saw 15 of its levels.

You collected 715 gold pieces.
You spent 150 gold pieces at shops.

Inventory:

Hand Weapons
 G - the +6 arbalest "Ylesodwo" (weapon) {freeze, Will- Dex+4}
   (Okawaru gifted it to you on level 1 of the Lair of Beasts)

   Any ammunition fired from it freezes those it strikes, dealing additional
   cold damage.
   It can also slow down cold-blooded creatures.
   Dex:       It affects your dexterity (+4).
   Will:      It decreases your willpower.
 M - a +2 hand crossbow of flaming
Armour
 g - +0 steam dragon scales (worn)
 q - a +0 cloak (worn)
Jewellery
 y - a +5 ring of evasion (left hand)
 A - a +6 ring of intelligence
 D - a +6 ring of dexterity (right hand)
Wands
 a - a wand of mindburst (11)
 c - a wand of paralysis (2)
 w - a wand of flame (46)
 B - a wand of roots (8)
 J - a wand of digging (6)
Scrolls
 b - 6 scrolls of immolation
 e - 4 scrolls of magic mapping
 f - 3 scrolls of silence
 h - 4 scrolls of fear
 i - 2 scrolls of teleportation
 j - 2 scrolls of blinking
 k - a scroll of torment
 l - a scroll of brand weapon
 o - 5 scrolls of noise
 p - 3 scrolls of enchant weapon
 t - a scroll of fog
 u - 3 scrolls of amnesia
 z - 3 scrolls of poison
 I - a scroll of vulnerability
 L - a scroll of enchant armour
Potions
 d - 4 potions of heal wounds
 m - 8 potions of curing
 n - 2 potions of cancellation
 r - 7 potions of degeneration
 s - 2 potions of might
 v - 2 potions of resistance
 x - 3 potions of flight
 C - 2 potions of haste
 E - 2 potions of attraction
 F - a potion of berserk rage {unknown}
 K - a potion of lignification {unknown}


   Skills:
 + Level 8.6 Fighting
 * Level 14.5 Ranged Weapons
 + Level 13.1 Dodging
 + Level 15.1 Stealth


You had 11 spell levels left.
You didn't know any spells.
Your spell library contained the following spells:

 Spells                   Type           Power      Damage    Failure   Level
 Magic Dart               Conj           0%         1d3       34%         1
 Searing Ray              Conj           0%         2d4       47%         2
 Gell's Gravitas          Tloc           0%         N/A       71%         3
 Inner Flame              Hex/Fire       0%         N/A       71%         3
 Lesser Beckoning         Tloc           0%         N/A       71%         3
 Mephitic Cloud           Conj/Pois/Air  0%         N/A       71%         3
 Portal Projectile        Hex/Tloc       0%         N/A       71%         3
 Teleport Other           Tloc           0%         N/A       71%         3
 Vhi's Electric Charge    Tloc/Air       0%         N/A       71%         3
 Cause Fear               Hex            0%         N/A       98%         4
 Fulminant Prism          Conj/Hex       0%         3d5       98%         4
 Leda's Liquefaction      Hex/Erth       0%         N/A       98%         4
 Olgreb's Toxic Radiance  Pois           0%         N/A       98%         4
 Arcjolt                  Conj/Air       0%         1d10      100%        5
 Blade Hands              Tmut           0%         N/A       100%        5
 Borgnjor's Vile Clutch   Necr/Erth      0%         N/A       100%        5
 Iron Shot                Conj/Erth      0%         9d1       100%        6
 Ozocubu's Refrigeration  Ice            0%         4d7       100%        7
 Discord                  Hex            0%         N/A       100%        8
 Ignition                 Fire           0%         3d3       100%        8
 Maxwell's Capacitive Co  Air            0%         ∞         100%        8
 Summon Small Mammal      Summ           Unusable   N/A       N/A         1
 Call Imp                 Summ           Unusable   N/A       N/A         2
 Call Canine Familiar     Summ           Unusable   N/A       N/A         3
 Summon Guardian Golem    Hex/Summ       Unusable   N/A       N/A         3
 Tukima's Dance           Hex            Unusable   N/A       N/A         3

Dungeon Overview and Level Annotations

Branches:
Dungeon (11/15)            Temple (1/1) D:5            Lair (3/5) D:8
  Snake (0/4) Lair:2
  Swamp: Lair:2-3    Shoals: Lair:2-3       Orc: D:9-12

Altars:
Ashenzari
Cheibriados
Dithmenos
Elyvilon
Fedhas
Gozag
Hepliaklqana
Kikubaaqudgha
Makhleb
Nemelex Xobeh
Okawaru
Qazlal
Ru
Sif Muna
Trog
Uskayaw
Wu Jian
Xom
Yredelemnul
Zin
The Shining One

Shops:
D:1 =   D:6 ?   D:8 (

Annotations:
D:9 lotum's ghost, journeyman DrCj
Temple 2 transporters


Innate Abilities, Weirdness & Mutations

You are very small and have problems with some larger weapons.
You are too small for most types of armour.
You have supernaturally acute eyesight. (SInv)
You cover ground extremely quickly. (Speed+++)


Message History

The bolt freezes the iguana.
The iguana is heavily wounded.
You shoot a bolt. The bolt hits the iguana!!
The iguana seems to slow down.
The bolt freezes the iguana.
You kill the iguana!
Okawaru accepts your kill.
No target in view!
No target in view!
You enter the shallow water.
Moving in this stuff is going to be slow.
A tyrant leech and a swamp worm come into view.
Found a book of Dreams.
The swamp worm fires a harpoon shot at you.
The harpoon shot hits you!
You are yanked forward by the harpoon shot.
You hear a roar!
There are monsters nearby!
You shoot a bolt. The bolt hits the swamp worm!
The bolt freezes the swamp worm.
The swamp worm is moderately wounded.
The swamp worm completely misses you.
A seven-headed hydra comes into view.
The swamp worm completely misses you.
You shoot a bolt. The bolt barely misses the swamp worm.
The swamp worm misses you.
You shoot a bolt. The bolt barely misses the swamp worm.
The swamp worm closely misses you. The tyrant leech barely misses you.
The swamp worm barely misses you.
You shoot a bolt. The bolt hits the swamp worm.
The bolt freezes the swamp worm.
The swamp worm is heavily wounded.
The tyrant leech completely misses you. The swamp worm misses you.
You shoot a bolt. The bolt closely misses the swamp worm.
The swamp worm completely misses you. The tyrant leech misses you.
You shoot a bolt. The bolt closely misses the swamp worm.
The swamp worm bites you!! The tyrant leech bites you!
* * * LOW HITPOINT WARNING * * *
The tyrant leech draws strength from your injuries!
The swamp worm bites you!!
You die...

##.#......+.♣.
##........#.[ ♣♣
#.P).....#.. .♣
#P....<..##. ~♣♣
#.........##
~~♣##.#.........
:.♣.###.........
♣♣w§♣♣.#..........
♣@w♣♣..##......##.
♣♣♣♣§§♣♣♣..###.......
♣♣.§.§§♣♣....####.....
♣♣...♣♣♣♣....##......÷.
♣..§~~≈≈♣♣....#.>.....#
♣♣~~~≈~~≈♣♣.......####.
♣♣~~≈~~~≈≈♣....#####.#.#
♣...~~~~≈≈♣....# #.###
♣♣..♣♣♣♣♣♣♣..### #..#.


You could see a tyrant leech and a swamp worm.

Vanquished Creatures
  3 hydras
  A boulder beetle (Lair:3)
  Erica (Lair:1)
  4 two-headed ogres
  Nergalle (D:8)
  Maurice (D:8)
  4 black mambas
  2 unseen horrors
  6 cane toads
  Maggie (D:6)
  4 rime drakes
  9 komodo dragons
  A slime creature (D:7)
  2 trolls
  8 blink frogs
  A hornet (D:9)
  Sigmund (D:2)
  A wraith (D:9)
  18 yaks
  A vampire (D:9)
  A basilisk (Lair:2)
  3 wyverns
  A steam dragon (Lair:3)
  A naga (Lair:2)
  A swamp worm (Lair:3)
  8 water moccasins
  2 black bears
  An ice beast (D:6)
  An orc warrior (D:8)
  2 sky beasts
  4 wolves (Lair:2)
  2 ogres
  5 centaurs
  2 phantoms
  3 kobold brigands
  2 necrophages
  8 bullfrogs
  A gnoll sergeant (D:6)
  2 scorpions
  11 wights
  17 killer bees
  3 electric eels (Lair:2)
  A howler monkey (D:8)
  4 hounds
  2 jellies (D:6)
  4 orc priests
  2 gnoll boudas
  Crazy Yiuf (D:3)
  Jessica (D:2)
  Ijyb (D:3)
  Terence (D:2)
  13 iguanas
  7 orc wizards
  Natasha (thrice) (D:2)
  4 hell rats (Lair:3)
  11 gnolls
  9 adders
  3 ufetubi
  2 dart slugs (D:4)
  22 orcs
  9 ball pythons
  8 endoplasms
  3 giant cockroaches
  4 goblins
  8 hobgoblins
  5 jackals
  14 kobolds
  4 quokkas
  3 bats
  26 frilled lizards
  6 rats
332 creatures vanquished.

Vanquished Creatures (others)
  12 fungi
  10 plants
  6 toadstools (D:2)
28 creatures vanquished.

Grand Total: 360 creatures vanquished

Notes
Turn   | Place    | Note
-------+----------+-------------------------------------------
     0 | D:1      | wormed the Spriggan Hunter began the quest for the Orb.
     0 | D:1      | Reached XP level 1. HP: 10/10 MP: 2/2
    85 | D:1      | Found Dytsath's Jewellery Emporium.
    89 | D:1      | Reached skill level 2 in Stealth
   175 | D:1      | Reached XP level 2. HP: 15/15 MP: 3/3
   370 | D:1      | Reached XP level 3. HP: 18/18 MP: 4/4
   786 | D:2      | Noticed Sigmund
   884 | D:3      | Found a shadowy altar of Dithmenos.
   884 | D:3      | Found a sparkling altar of Nemelex Xobeh.
   885 | D:3      | Noticed Ijyb
   886 | D:3      | Paralysed by Ijyb for 5 turns
   912 | D:3      | Paralysed by Ijyb for 5 turns
   922 | D:3      | Killed Ijyb
   923 | D:3      | Reached skill level 3 in Stealth
   985 | D:3      | Noticed a necrophage
   987 | D:3      | Reached XP level 4. HP: 23/23 MP: 5/5
  1050 | D:3      | Killed a necrophage
  1051 | D:3      | Reached skill level 5 in Ranged Weapons
  1051 | D:3      | Reached XP level 5. HP: 27/27 MP: 6/6
  1144 | D:3      | Found a runed translucent door.
  1145 | D:3      | Noticed Crazy Yiuf
  1423 | D:3      | Killed Crazy Yiuf
  1541 | D:2      | Reached skill level 4 in Stealth
  1597 | D:2      | Noticed Natasha
  1607 | D:2      | Killed Natasha
  1663 | D:2      | Noticed Natasha
  1899 | D:2      | Noticed Jessica
  2173 | D:4      | Noticed a +0 falchion
  2173 | D:4      | Noticed a +0 dagger
  2173 | D:4      | Noticed a +0 falchion
  2174 | D:4      | Noticed a +0 short sword
  2176 | D:4      | Noticed a +0 short sword
  2176 | D:4      | Noticed a +0 dagger
  2176 | D:4      | Noticed a +0 spear
  2178 | D:4      | Noticed a +0 spear
  2181 | D:4      | Reached XP level 6. HP: 32/32 MP: 7/7
  2289 | D:4      | Found a hide-covered altar of Uskayaw.
  2788 | D:5      | Entered Level 5 of the Dungeon
  2962 | D:5      | Reached skill level 5 in Stealth
  3142 | D:5      | Reached skill level 5 in Dodging
  3142 | D:5      | Reached XP level 7. HP: 26/36 MP: 8/8
  3664 | D:5      | Found a staircase to the Ecumenical Temple.
  4005 | Temple   | Entered the Ecumenical Temple
  4005 | Temple   | Found a transporter.
  4005 | Temple   | Found a transporter.
  4007 | Temple   | Found a transporter.
  4007 | Temple   | Found a transporter.
  4025 | Temple   | Became a worshipper of Warmaster Okawaru
  4629 | D:2      | Killed Jessica
  4765 | D:2      | Noticed Terence
  4828 | D:2      | Killed Terence
  4859 | D:2      | Killed Sigmund
  4860 | D:2      | Reached skill level 6 in Stealth
  5032 | D:2      | Killed Natasha
  5286 | D:2      | Noticed Natasha
  5287 | D:2      | Killed Natasha
  5417 | D:6      | Reached XP level 8. HP: 42/42 MP: 9/9
  5803 | D:6      | Noticed Maggie
  5837 | D:6      | Killed Maggie
  5837 | D:6      | Reached * piety under Okawaru
  5838 | D:6      | Reached skill level 7 in Stealth
  6167 | D:6      | Found Wuok's Magic Scroll Boutique.
  6177 | D:6      | Bought a scroll of teleportation for 45 gold pieces
  6177 | D:6      | Bought a scroll of identify for 30 gold pieces
  6177 | D:6      | Bought a scroll of identify for 30 gold pieces
  6177 | D:6      | Bought a scroll of identify for 30 gold pieces
  6177 | D:6      | Bought a scroll of noise for 15 gold pieces
  6225 | D:6      | Reached ** piety under Okawaru
  6287 | D:6      | Reached skill level 8 in Stealth
  6861 | D:7      | Reached XP level 9. HP: 46/46 MP: 10/10
  7495 | D:7      | Reached skill level 9 in Stealth
  7511 | D:7      | Reached skill level 5 in Fighting
  7695 | D:7      | Reached *** piety under Okawaru
  8554 | D:8      | Noticed an unseen horror
  8567 | D:8      | Killed an unseen horror
  8567 | D:8      | Reached **** piety under Okawaru
  8568 | D:8      | Reached skill level 10 in Ranged Weapons
  8568 | D:8      | Reached skill level 10 in Stealth
  8572 | D:8      | Reached XP level 10. HP: 48/51 MP: 11/11
  8809 | D:8      | Found Viavuraa's Weapon Boutique.
  8929 | D:8      | Noticed Maurice
  8965 | D:8      | Killed Maurice
  9008 | D:8      | Found a hazy altar of Hepliaklqana.
  9069 | D:8      | Found a staircase to the Lair.
  9252 | D:9      | Found a stormy altar of Qazlal.
  9424 | D:9      | Found a runed translucent door.
  9424 | D:9      | Noticed lotum's ghost (journeyman DrCj)
  9781 | D:9      | Noticed a two-headed ogre
  9838 | D:9      | Killed a two-headed ogre
 10096 | D:9      | Reached skill level 11 in Stealth
 10538 | D:9      | Reached ***** piety under Okawaru
 10539 | D:9      | Reached skill level 10 in Dodging
 10546 | D:9      | Found a snail-covered altar of Cheibriados.
 10622 | D:9      | You fall into a shaft and drop 1 floor!
 10622 | D:10     | Entered Level 10 of the Dungeon
 10636 | D:10     | Noticed a two-headed ogre
 10689 | D:10     | Killed a two-headed ogre
 11098 | D:10     | Noticed a two-headed ogre
 11114 | D:10     | Killed a two-headed ogre
 11114 | D:10     | Received a gift from Okawaru
 11115 | D:10     | Reached XP level 11. HP: 58/58 MP: 12/12
 11289 | D:10     | Reached skill level 12 in Stealth
 11555 | D:10     | Found a white marble altar of Elyvilon.
 11570 | D:10     | Noticed a two-headed ogre
 11612 | D:10     | Killed a two-headed ogre
 12710 | D:9      | Got the Compilation of Silt
 12891 | Lair:1   | Entered Level 1 of the Lair of Beasts
 12893 | Lair:1   | Noticed Nergalle
 13041 | D:8      | Noticed a spectral orc warlord
 13055 | D:8      | Killed Nergalle
 13251 | Lair:1   | Noticed an eight-headed hydra
 13269 | Lair:1   | Killed an eight-headed hydra
 13269 | Lair:1   | Identified the +6 arbalest "Ylesodwo" {freeze, Will- Dex+4}
                  | (Okawaru gifted it to you on level 1 of the Lair of Beasts)
 13269 | Lair:1   | Received a gift from Okawaru
 13312 | Lair:1   | Identified the +5 rapier "Death Rattle" {elec, +Blink
                  | rElec}
 13766 | Lair:1   | Noticed Erica
 13773 | Lair:1   | Killed Erica
 13774 | Lair:1   | Reached skill level 13 in Stealth
 13951 | Lair:1   | Received a gift from Okawaru
 14098 | Lair:1   | Reached XP level 12. HP: 64/64 MP: 13/13
 14473 | Lair:2   | Reached skill level 14 in Stealth
 14481 | Lair:2   | Found a staircase to the Snake Pit.
 14675 | Lair:2   | Reached ****** piety under Okawaru
 14774 | Lair:2   | Received a gift from Okawaru
 15604 | Lair:3   | Noticed an eight-headed hydra
 15609 | Lair:3   | Killed an eight-headed hydra
 15609 | Lair:3   | Received a gift from Okawaru
 15651 | Lair:3   | Noticed a boulder beetle
 15658 | Lair:3   | Killed a boulder beetle
 15659 | Lair:3   | Reached skill level 15 in Stealth
 15803 | Lair:3   | Noticed a four-headed hydra
 15805 | Lair:3   | Killed a four-headed hydra
 15816 | Lair:3   | Noticed a seven-headed hydra
 15821 | Lair:3   | Slain by a swamp worm

Illustrated notes

Levels and vault maps discovered:
D:1:      spicycebolla_arrival_transporter_tutorial, layout_loops_ring,
          serial_shops, nicolae_shop_stone
D:2:      layout_basic, minmay_gold_behind_fungi, uniq_natasha, uniq_sigmund,
          uniq_terence, uniq_jessica
D:3:      layout_rooms, chequers_temple_overflow_statue_of_worship,
          uniq_crazy_yiuf_cottage, uniq_ijyb
D:4:      layout_loops_ring, nicolae_uskayaw_en_pointe,
          chequers_serial_rivers_room_b
D:5:      layout_layer_cave, minmay_temple_entry_statues_fountains
D:6:      layout_basic, serial_shops, nicolae_lakefront_shop, uniq_maggie
D:7:      layout_loops_ring, minmay_manual_mail
D:8:      layout_loops_ring, nzn_hepliaklqana_mist_gate, lair_entry_dummy,
          serial_shops, shop, st_stairs_4, uniq_maurice
D:9:      kennysheep_six_static_rooms, layout_long_grid,
          mainiacjoe_overflow_small_starburst, lemuel_coloured_pillars_altar,
          hellmonk_ghost_big_iron
D:10:     layout_layer_cave, mainiacjoe_overflow_concentric_impassable
D:11:     minmay_coctagon, layout_basic, erik_orc_3
Temple:   hellmonk_temple_divided_pantheon
Lair:1:   lemuel_reptile_caves, layout_small_grid, lemuel_fruit_tree,
          grunt_megastairs_2, lemuel_fruit_fields, uniq_erica, uniq_nergalle
Lair:2:   layout_regular_city, guppyfry_snake_entry_island, wad_woods_road_02,
          fungi_pond_lemuel, serial_bayou_shore_a
Lair:3:   layout_cave_pods, palyth_hydra_swamp_entry, nzn_sisyphean_effort,
          grunt_megastairs_4

Skill      XL: |  1  2  3  4  5  6  7  8  9 10 11 12 |
---------------+-------------------------------------+-----
Stealth        | 2 3 4 5 6 8 10 11 13 15 | 15.1
Dodging        | 3 4 5 6 7 8 10 11 13 | 13.1
Fighting       | 2 3 4 5 6 7 8 |  8.6
Ranged Weapons | 5 6 7 8 10 11 13 14 | 14.5

Action                   |  1- 3 |  4- 6 |  7- 9 | 10-12 || total
-------------------------+-------+-------+-------+-------++-------
 Fire: Shortbow          |    81 |   192 |   500 |   476 ||  1249
       Arbalest          |       |       |       |   252 ||   252
Evoke: Wand              |       |       |       |     5 ||     5
  Use: Scroll            |       |       |    12 |     9 ||    21
Armor: Robe              |       |     4 |     5 |       ||     9
       Steam dragon scal |       |       |       |    15 ||    15
Dodge: Dodged            |     9 |    72 |   248 |   459 ||   788

Table legend: (Time is in decaauts)
 A = Elapsed time spent in this place.
 B = Non-inter-level travel time spent in this place.
 C = Inter-level travel time spent in this place.
 D = Time resting spent in this place.
 E = Time spent auto-exploring this place.
 F = Levels seen in this place.
 G = Mean time per level.
                   A        B        C        D        E       F      G
               +--------+--------+--------+--------+--------+-----+--------+
         Total |  11406 |  10828 |    578 |    106 |   7626 |  15 |  760.4 |
       Dungeon |   9477 |   8925 |    552 |    106 |   6209 |  11 |  861.5 |
        Temple |     23 |     23 |      0 |      0 |      3 |   1 |   23.0 |
          Lair |   1904 |   1878 |     26 |      0 |   1414 |   3 |  634.7 |
               +--------+--------+--------+--------+--------+-----+--------+

Top non-repeatable levels by time:
     D:9: 1236 daAuts
    D:10: 1234 daAuts
     D:7: 1102 daAuts
     D:8: 1067 daAuts
     D:6: 981 daAuts
     D:5: 939 daAuts
     D:4: 891 daAuts
     D:2: 801 daAuts
  Lair:1: 786 daAuts
  Lair:2: 633 daAuts
     D:3: 596 daAuts
     D:1: 494 daAuts
  Lair:3: 484 daAuts
    D:11: 132 daAuts
  Temple: 23 daAuts
